 Dungeon Crawl Stone Soup version 0.29-a0-844-ge8845773e3 (webtiles) character file.

Game seed: 4086960966953308242

4505 Bnni the Skirmisher (level 10, -1/80 HPs)
             Began as a Demonspawn Gladiator on July 14, 2022.
             Was an Elder of Lugonu.
             Slain by a killer bee (8 damage)
             ... on level 7 of the Dungeon on July 15, 2022.
             The game lasted 00:19:47 (10739 turns).

Bnni the Skirmisher (Demonspawn Gladiator)         Turns: 10739, Time: 00:19:49

Health: -1/80      AC:  6    Str: 15    XL:     10   Next: 16%
Magic:  15/15      EV: 17    Int: 10    God:    Lugonu [****..]
Gold:   412        SH:  0    Dex: 20    Spells: 9/9 levels left

rFire   . . .      SeeInvis .   q - +2 dagger (venom)
rCold   . . .      Faith    .   (no shield)
rNeg    . . .      Spirit   .   F - +0 leather armour of Time Monsters {rElec}
rPois   .          Reflect  .   c - +0 helmet
rElec   +          Harm     .   (no cloak)
rCorr   .          Rampage  .   B - +0 pair of gloves
Will    .....                   C - +0 pair of boots
Stlth   +++.......              (no amulet)
HPRegen 0.23/turn               l - +4 ring of evasion
MPRegen 0.14/turn               (no ring)

@: lethally poisoned (-1 -> -6)
A: hooves 2, thin skeletal structure 1, demonic guardian 1
a: Renounce Religion, Depart the Abyss, Bend Space, Banish, Corrupt


You were on level 7 of the Dungeon.
You worshipped Lugonu.
Lugonu was greatly pleased with you.
You visited 2 branches of the dungeon, and saw 9 of its levels.

You collected 412 gold pieces.

Inventory:

Hand Weapons
 d - a +4 sling
 g - a +5 short sword
 q - a +2 dagger of venom (weapon)
 A - a +1 whip of electrocution
Missiles
 b - 24 poisoned darts
 e - 7 javelins
Armour
 c - a +0 helmet (worn)
 B - a +0 pair of gloves (worn)
 C - a +0 pair of boots (worn)
 F - the +0 leather armour of Time Monsters (worn) {rElec}
   (You found it on level 5 of the Dungeon)

   rElec:     It insulates you from electricity.
Jewellery
 l - a +4 ring of evasion (left hand)
Wands
 v - a wand of mindburst (15)
 E - a wand of iceblast (8)
 H - a wand of polymorph (11)
Scrolls
 a - a scroll of poison {unknown}
 m - 2 scrolls of vulnerability
 n - 2 scrolls of magic mapping {unknown}
 o - 2 scrolls of enchant armour {unknown}
 r - a scroll of noise {unknown}
 s - 2 scrolls of blinking {unknown}
 t - 2 scrolls of amnesia {unknown}
 G - a scroll of silence {unknown}
 I - a scroll of summoning {unknown}
Potions
 f - 2 potions of curing
 h - 5 potions of mutation
 j - 2 potions of attraction
 k - a potion of lignification {unknown}
 p - a potion of magic {unknown}
 u - 2 potions of ambrosia {unknown}
 w - a potion of brilliance {unknown}
 x - a potion of haste {unknown}
 z - a potion of might
 D - a potion of flight {unknown}


   Skills:
 + Level 8.0 Fighting
 * Level 7.0 Long Blades
 - Level 8.0 Ranged Weapons
 - Level 1.7 Throwing
 - Level 2.6 Dodging
 + Level 0.8 Stealth
 + Level 7.4 Invocations


You had 9 spell levels left.
You didn't know any spells.
Your spell library contained the following spells:

 Spells                   Type           Power      Damage    Failure   Level
 Sublimation of Blood     Necr           0%         N/A       56%         2
 Wereblood                Tmut           0%         N/A       56%         2
 Petrify                  Tmut/Erth      0%         N/A       99%         4
 Irradiate                Conj/Tmut      0%         3d11      100%        5
 Summon Hydra             Summ           0%         N/A       100%        7


Dungeon Overview and Level Annotations

Branches:
Dungeon (8/15)             Temple (1/1) D:5
   Lair: D:8-11

Altars:
Ashenzari
Dithmenos
Fedhas
Gozag
Hepliaklqana
Makhleb
Nemelex Xobeh
Okawaru
Qazlal
Ru
Trog
Vehumet
Wu Jian
Xom
Yredelemnul
Lugonu

Shops:
D:3 (


Innate Abilities, Weirdness & Mutations

You have hoof-like feet.
You have a somewhat thin skeletal structure. (Dex +2, Stealth+)
A weak demonic guardian rushes to your aid.


Message History

The killer bee poisons you!
The orc warrior hits you with a +0 battleaxe!
The centaur wields a +0 shortbow.
The centaur shoots an arrow.
The arrow closely misses you. The orc warrior misses you.
The killer bee misses you.
An orc comes into view. It is wielding a +0 dagger.
There is a stone staircase leading up here.
You feel sick.
The centaur shoots an arrow.
The arrow hits you! The killer bee completely misses you.
The centaur shoots an arrow.
The arrow hits you!
The killer bee stings you but does no damage.
The orc warrior hits you with a +0 battleaxe.
You climb upwards.
You feel sick.
There is a stone staircase leading down, spattered with blood here.
You barely miss the killer bee.
You feel sick. The killer bee closely misses you.
Unknown command.
You hit the killer bee.
The killer bee is lightly wounded.
You feel sick. The killer bee misses you.
The orc warrior completely misses you. The killer bee stings you.
You hit the killer bee.
The killer bee is poisoned.
The killer bee is moderately wounded.
You feel sick. The killer bee misses you. The orc warrior closely misses you.
You closely miss the killer bee.
The killer bee is moderately wounded.
You feel sick.
You are no longer poisoned.
The killer bee closely misses you. The killer bee stings you.
The orc warrior barely misses you.
You hit the orc warrior but do no damage.
The orc warrior is poisoned.
The killer bee stings you but does no damage.
You closely miss the orc warrior. The killer bee stings you.
You are poisoned.
The killer bee poisons you!
The orc warrior hits you with a +0 battleaxe!!
* * * LOW HITPOINT WARNING * * *
A demonic guardian appears!
The killer bee stings you!
You die...

....#.......#......[+.........#..
....##'###########'##.........###
'#.................).............
.#.................).............
.'...............................
.#...............................
.#...............................
.#........#'############.........
.#........#...5.@# #.........
##........#....oy# #.........
..........#......# #.........
..........#......# #.......(.
..........#......# #......)..
..........#......#######.........
..........#+#######.......#######
..........#.......#.......#.....#
##........#.......'.......#.....#


You could see an orc warrior (very poisoned, ally target), a killer bee (very
poisoned) and a friendly iron imp (summoned).

Vanquished Creatures
  2 steam dragons
  Menkaure (D:6)
  Edmund (D:4)
  4 water moccasins
  2 black bears
  3 ice beasts (D:7)
  4 orc warriors (D:7)
  4 ogres
  2 centaurs
  A phantom (D:7)
  2 bullfrogs (D:7)
  A kobold brigand (D:7)
  2 scorpions (D:5)
  A necrophage (D:5)
  6 wights (D:7)
  4 killer bees (D:7)
  3 howler monkeys (D:7)
  3 orc priests
  3 hounds (D:5)
  3 gnoll boudas (D:7)
  Jessica (D:2)
  Ijyb (D:4)
  Terence (D:2)
  8 iguanas
  2 orc wizards
  19 gnolls
  7 adders
  2 white imps
  4 worms
  5 dart slugs
  16 orcs
  10 endoplasms
  3 giant cockroaches
  7 goblins
  8 hobgoblins
  7 jackals
  8 quokkas
  5 ball pythons
  8 bats
  13 kobolds
  8 rats
195 creatures vanquished.

Vanquished Creatures (collateral kills)
  An orc warrior (D:7)
  2 wights (D:7)
  A gnoll bouda (D:7)
  2 orcs (D:7)
  A jackal (D:5)
7 creatures vanquished.

Vanquished Creatures (others)
  6 fungi (D:7)
  10 plants (D:7)
16 creatures vanquished.

Grand Total: 218 creatures vanquished

Notes
Turn   | Place    | Note
-------+----------+-------------------------------------------
     0 | D:1      | Bnni the Demonspawn Gladiator began the quest for the Orb.
     0 | D:1      | Reached XP level 1. HP: 16/16 MP: 1/1
   426 | D:1      | Gained mutation: A weak demonic guardian rushes to your
                  | aid. [demonic ancestry]
   426 | D:1      | Reached XP level 2. HP: 22/22 MP: 2/2
   470 | D:1      | Found a faded altar of an unknown god.
   496 | D:1      | Prayed at the altar of an unknown god.
   496 | D:1      | Became a worshipper of Lugonu the Unformed
   496 | D:1      | Reached * piety under Lugonu
   496 | D:1      | Reached ** piety under Lugonu
   589 | D:1      | Upgraded the game from 0.29-a0-839-g4793fd635e to
                  | 0.29-a0-844-ge8845773e3
   776 | D:1      | Gained mutation: You have large cloven feet. [demonic
                  | ancestry]
   776 | D:1      | Reached XP level 3. HP: 26/28 MP: 3/3
   897 | D:1      | Reached skill level 1 in Invocations
  1173 | D:2      | Noticed Terence
  1179 | D:2      | Killed Terence
  1180 | D:2      | Reached XP level 4. HP: 32/34 MP: 3/5
  1636 | D:2      | Noticed Jessica
  1642 | D:2      | Killed Jessica
  2018 | D:3      | Reached *** piety under Lugonu
  2019 | D:3      | Gained mutation: You have hoof-like feet. [demonic
                  | ancestry]
  2019 | D:3      | Reached XP level 5. HP: 41/41 MP: 6/6
  2040 | D:3      | Found a burning altar of Makhleb.
  2517 | D:3      | Found Zycvozuf's Antique Weapon Emporium.
  2651 | D:3      | Reached skill level 1 in Ranged Weapons
  3159 | D:4      | Reached XP level 6. HP: 48/48 MP: 8/8
  3829 | D:4      | Noticed Edmund
  3845 | D:4      | Killed Edmund
  3846 | D:4      | Gained mutation: You have a somewhat thin skeletal
                  | structure. (Dex +2, Stealth+) [demonic ancestry]
  3846 | D:4      | Reached XP level 7. HP: 53/55 MP: 9/9
  3857 | D:4      | Reached **** piety under Lugonu
  3901 | D:4      | Noticed Ijyb
  3919 | D:4      | Killed Ijyb
  4332 | D:4      | Reached skill level 5 in Fighting
  4467 | D:4      | Reached skill level 5 in Ranged Weapons
  4545 | D:5      | Entered Level 5 of the Dungeon
  4552 | D:5      | Found a stormy altar of Qazlal.
  4750 | D:5      | Reached XP level 8. HP: 63/63 MP: 10/10
  4770 | D:5      | Found a staircase to the Ecumenical Temple.
  4791 | D:5      | Identified the +0 leather armour of Time Monsters {rElec}
  4812 | Temple   | Entered the Ecumenical Temple
  5512 | D:6      | HP: 2/64 [centaur/arrow (9)]
  6066 | D:6      | Noticed Menkaure
  6070 | D:6      | Killed Menkaure
  6922 | D:7      | Reached XP level 9. HP: 71/71 MP: 12/12
  7030 | D:7      | Reached skill level 5 in Invocations
  7696 | D:7      | Reached skill level 5 in Long Blades
  9348 | D:7      | Reached ***** piety under Lugonu
  9368 | D:7      | Reached XP level 10. HP: 14/80 MP: 13/15
 10739 | D:7      | Slain by a killer bee

Illustrated notes

Levels and vault maps discovered:
D:1:      kennysheep_arrival_seaside, layout_loops_ring,
          hellmonk_ecumenical_altar_run_dry, kennysheep_doodads, chequers_garden
D:2:      layout_loops_ring, uniq_jessica, uniq_terence
D:3:      layout_loops_ring, amcnicky_altar_gilded, serial_shops, shop
D:4:      layout_loops_cross, uniq_ijyb, uniq_edmund
D:5:      layout_loops_ring, grunt_qazlal_clouds, minmay_temple_entry_glass,
          chequers_serial_rivers_micro_d, hangedman_decor_points
D:6:      layout_loops_ring, serial_glass, glass_columns_a, glass_columns_b,
          glass_columns_a, glass_columns_a, chequers_serial_rivers_micro_c,
          uniq_menkaure
D:7:      kennysheep_seaside_town, layout_gridville
D:8:      layout_cave_pools
Temple:   regret_index_temple_generic_petals

Skill      XL: |  1  2  3  4  5  6  7  8  9 10 |
---------------+-------------------------------+-----
Long Blades    | 3 4 6 7 |  7.0
Invocations    | 1 2 3 4 7 |  7.4
Fighting       | 3 4 5 6 7 8 |  8.0
Ranged Weapons | 2 4 5 7 8 |  8.0
Throwing       | |  1.7
Dodging        | |  2.6
Stealth        | |  0.8

Action                   |  1- 3 |  4- 6 |  7- 9 | 10-12 || total
-------------------------+-------+-------+-------+-------++-------
Melee: Long sword        |    80 |    59 |       |       ||   139
       Kick              |     7 |       |       |       ||     7
       Whip              |       |    28 |    43 |     1 ||    72
       Punch             |       |     1 |     2 |     4 ||     7
       Dagger            |       |       |    73 |    61 ||   134
       Short sword       |       |       |     7 |       ||     7
 Fire: Sling             |       |   164 |   355 |    10 ||   529
Throw: Dart              |     3 |     5 |     1 |       ||     9
       Throwing net      |       |     1 |     2 |       ||     3
Invok: Bend Space        |       |       |     7 |       ||     7
  Use: Scroll            |       |       |     6 |       ||     6
       Potion            |       |       |     6 |       ||     6
 Stab: Held in net/web   |       |     1 |     2 |       ||     3
       Sleeping          |       |       |       |     1 ||     1
Armor: Ring mail         |    33 |    57 |    11 |       ||   101
       Leather armour    |       |       |    37 |    12 ||    49
Dodge: Dodged            |    48 |   159 |   228 |    91 ||   526

Table legend: (Time is in decaauts)
 A = Elapsed time spent in this place.
 B = Non-inter-level travel time spent in this place.
 C = Inter-level travel time spent in this place.
 D = Time resting spent in this place.
 E = Time spent auto-exploring this place.
 F = Levels seen in this place.
 G = Mean time per level.
                   A        B        C        D        E       F      G
               +--------+--------+--------+--------+--------+-----+--------+
         Total |  10851 |  10588 |    263 |   2417 |   6278 |   9 | 1205.7 |
       Dungeon |  10729 |  10466 |    263 |   2417 |   6278 |   8 | 1341.1 |
        Temple |    121 |    121 |      0 |      0 |      0 |   1 |  121.0 |
               +--------+--------+--------+--------+--------+-----+--------+

Top non-repeatable levels by time:
     D:7: 3834 daAuts
     D:4: 1368 daAuts
     D:3: 1244 daAuts
     D:5: 1156 daAuts
     D:1: 1149 daAuts
     D:6: 1068 daAuts
     D:2: 896 daAuts
  Temple: 121 daAuts
     D:8: 11 daAuts
